 Dungeon Crawl Stone Soup version 0.28.0-61-g67df4f89a8 (webtiles) character file.

Game seed: 8680005978999053586

2007482 jjjjhere the Minotaur Barricade (level 26, 264/264 HPs)
             Began as a Minotaur Abyssal Knight on Feb 15, 2023.
             Was the Champion of Lugonu.
             Escaped with the Orb
             ... and 4 runes on Feb 17, 2023!
             The game lasted 02:56:56 (87505 turns).

jjjjhere the Minotaur Barricade (MiAK)             Turns: 87505, Time: 02:56:56

Health: 264/264    AC: 52    Str: 43    XL:     26   Next: 1%
Magic:  32/32      EV: 24    Int:  7    God:    Lugonu [******]
Gold:   3649       SH: 24    Dex: 18    Spells: 25/25 levels left

rFire   + . .      SeeInvis +   J - +7 broad axe (distort)
rCold   + . .      Faith    .   u - +5 kite shield {AC+3}
rNeg    + . .      Spirit   .   x - +12 gold dragon scales
rPois   +          Reflect  .   a - +2 hat
rElec   +          Harm     .   q - +1 cloak of Starlight {*Dazzle EV+4 Stlth--}
rCorr   +          Rampage  .   W - +0 pair of gloves "Hiradwec" {Str+2}
Will    ++...                   Q - +2 pair of boots {Fly}
Stlth   ..........              Z - amulet of the Suburbs {Acrobat Fly rElec Str+7 Dex-5}
HPRegen 1.34/turn               k - ring of Doro {Will+ Str+3 Dex+4}
MPRegen 0.23/turn               b - ring of Waol {rN+ rCorr Str+6 Dex+3 SInv}

@: flying, studying Shields
A: horns 2, retaliatory headbutt, talons 1, regeneration 1, wild magic 1
0: Orb of Zot
}: 4/15 runes: barnacled, slimy, silver, gossamer
a: Renounce Religion, Depart the Abyss, Bend Space, Banish, Corrupt, Enter the
Abyss


You escaped.
You worshipped Lugonu.
Lugonu was exalted by your worship.
You visited 10 branches of the dungeon, and saw 53 of its levels.
You visited the Abyss 3 times.
You visited 1 bazaar.
You also visited: Bailey and Ice Cave.

You collected 8435 gold pieces.
You spent 4786 gold pieces at shops.

Inventory:

Hand Weapons
 J - a +7 broad axe of distortion (weapon)
Missiles
 e - 45 poisoned darts
 F - 11 silver javelins (quivered)
 G - 6 javelins
 L - 5 curare-tipped darts
 O - 4 throwing nets
 S - 6 boomerangs of dispersal
 T - 3 silver boomerangs
Armour
 a - a +2 hat (worn)
 q - the +1 cloak of Starlight (worn) {*Dazzle EV+4 Stlth--}
   (You found it on level 5 of the Vaults)

   It may blind those who miss an attack against the wearer in melee combat.
   EV:        It affects your evasion (+4).
   Stlth:     It makes you much less stealthy.
 u - a +5 kite shield of protection (worn)
 x - +12 gold dragon scales (worn)
 A - a +0 tower shield
 Q - a +2 pair of boots of flying (worn)
 W - the +0 pair of gloves "Hiradwec" (worn) {Str+2}
   (You found it on level 4 of the Shoals)

   Str:       It affects your strength (+2).
Jewellery
 b - the ring of Waol (right hand) {rN+ rCorr Str+6 Dex+3 SInv}
   (You found it on level 3 of the Depths)

   [ring of strength]

   Str:       It affects your strength (+6).
   Dex:       It affects your dexterity (+3).
   rN:        It protects you from negative energy.
   SInv:      It lets you see invisible.
   rCorr:     It protects you from acid and corrosion.
 i - the ring "Mosaec" {rElec rPois rN+ Slay+2}
   (You took it off a fire giant on level 5 of the Vaults)

   [ring of poison resistance]

   Slay:      It affects your accuracy & damage with ranged weapons and melee
   (+2).
   rElec:     It insulates you from electricity.
   rPois:     It protects you from poison.
   rN:        It protects you from negative energy.
 k - the ring of Doro (left hand) {Will+ Str+3 Dex+4}
   (You bought it in a shop on level 1 of the Vaults)

   [ring of willpower]

   Str:       It affects your strength (+3).
   Dex:       It affects your dexterity (+4).
   Will:      It increases your willpower.
 B - the ring of Trepidation {rN+ AC+4}
   (You bought it in a shop on level 3 of the Depths)

   [ring of protection]

   AC:        It affects your AC (+4).
   rN:        It protects you from negative energy.
 K - the ring of Salvation {EV+4 Int+3}
   (You took it off a deep elf elementalist on level 3 of the Elven Halls)

   [ring of evasion]

   EV:        It affects your evasion (+4).
   Int:       It affects your intelligence (+3).
 M - the ring of the Morning {rPois rF+++ rC+ rCorr Dex-4}
   (You found it in an ice cave)

   [ring of protection from cold]

   Dex:       It affects your dexterity (-4).
   rF:        It renders you almost immune to fire.
   rC:        It protects you from cold.
   rPois:     It protects you from poison.
   rCorr:     It protects you from acid and corrosion.
 N - the ring "Galuho" {Fly rC+ Will++ Int-4 Slay+3}
   (You found it on level 5 of the Pits of Slime)

   [ring of flight]

   Int:       It affects your intelligence (-4).
   Slay:      It affects your accuracy & damage with ranged weapons and melee
   (+3).
   rC:        It protects you from cold.
   Fly:       It grants you flight.
   Will:      It greatly increases your willpower.
 Y - the ring of Pyromania {+Blink rPois Int+5 Dex-2 Slay+4}
   (You found it in an ice cave)

   [ring of slaying]

   Int:       It affects your intelligence (+5).
   Dex:       It affects your dexterity (-2).
   Slay:      It affects your accuracy & damage with ranged weapons and melee
   (+4).
   rPois:     It protects you from poison.
   +Blink:    It lets you blink.
 Z - the amulet of the Suburbs (around neck) {Acrobat Fly rElec Str+7 Dex-5}
   (You acquired it on level 10 of the Dungeon)

   [amulet of the acrobat]

   It increases your evasion while moving and waiting.
   Str:       It affects your strength (+7).
   Dex:       It affects your dexterity (-5).
   rElec:     It insulates you from electricity.
   Fly:       It grants you flight.
Wands
 l - a wand of digging (31)
 r - a wand of mindburst (21)
 I - a wand of iceblast (19)
 R - a wand of acid (13)
 V - a wand of flame (41)
 X - a wand of paralysis (31)
Scrolls
 h - 5 scrolls of fog
 j - 5 scrolls of magic mapping
 w - 2 scrolls of summoning
 y - 20 scrolls of teleportation
 C - 6 scrolls of blinking
 D - 7 scrolls of fear
Potions
 c - 3 potions of magic
 f - 4 potions of ambrosia
 m - 2 potions of cancellation
 n - 6 potions of mutation
 o - 7 potions of berserk rage
 p - 4 potions of might
 s - 11 potions of heal wounds
 v - 11 potions of curing
 z - 5 potions of brilliance
 E - 8 potions of haste
 H - 5 potions of resistance
 U - 5 potions of invisibility
Miscellaneous
 d - a box of beasts
 t - a phantom mirror
 P - a condenser vane


   Skills:
 + Level 26.6 Fighting
 - Level 18.0 Axes
 - Level 16.0 Throwing
 + Level 25.0 Armour
 + Level 19.8 Dodging
 O Level 27 Shields
 + Level 13.6 Invocations
 - Level 10.6 Evocations


You had 25 spell levels left.
You didn't know any spells.
Your spell library contained the following spells:

 Spells                   Type           Power      Damage    Failure   Level
 Animate Skeleton         Necr           0%         N/A       90%         1
 Apportation              Tloc           0%         N/A       90%         1
 Magic Dart               Conj           0%         1d3       90%         1
 Sandblast                Erth           0%         2d4       90%         1
 Shock                    Conj/Air       0%         1d3       90%         1
 Summon Small Mammal      Summ           0%         N/A       90%         1
 Corpse Rot               Necr/Air       0%         N/A       97%         2
 Ensorcelled Hibernation  Hex/Ice        0%         N/A       97%         2
 Passwall                 Tmut/Erth      0%         N/A       97%         2
 Poisonous Vapours        Pois/Air       0%         N/A       97%         2
 Searing Ray              Conj           0%         2d4       97%         2
 Static Discharge         Conj/Air       0%         N/A       97%         2
 Sublimation of Blood     Necr           0%         N/A       97%         2
 Call Canine Familiar     Summ           0%         N/A       99%         3
 Confusing Touch          Hex            0%         N/A       99%         3
 Conjure Flame            Conj/Fire      0%         6-21      99%         3
 Dazzling Flash           Conj/Hex       0%         N/A       99%         3
 Frozen Ramparts          Ice            0%         1d2       99%         3
 Ignite Poison            Fire/Tmut/Pois 0%         N/A       99%         3
 Inner Flame              Hex/Fire       0%         N/A       99%         3
 Mephitic Cloud           Conj/Pois/Air  0%         N/A       99%         3
 Ozocubu's Armour         Ice            0%         N/A       99%         3
 Portal Projectile        Hex/Tloc       0%         N/A       99%         3
 Spider Form              Tmut/Pois      0%         N/A       99%         3
 Stone Arrow              Conj/Erth      0%         3d7       99%         3
 Summon Guardian Golem    Hex/Summ       0%         N/A       99%         3
 Swiftness                Air            0%         N/A       99%         3
 Tukima's Dance           Hex            0%         N/A       99%         3
 Airstrike                Air            0%         N/A       100%        4
 Anguish                  Hex/Necr       0%         N/A       100%        4
 Animate Armour           Summ/Erth      0%         N/A       100%        4
 Animate Dead             Necr           0%         N/A       100%        4
 Cause Fear               Hex            0%         N/A       100%        4
 Dispel Undead            Necr           0%         3d6       100%        4
 Fulminant Prism          Conj/Hex       0%         3d6       100%        4
 Iskenderun's Mystic Bla  Conj/Tloc      0%         2d3       100%        4
 Passage of Golubria      Tloc           0%         N/A       100%        4
 Petrify                  Tmut/Erth      0%         N/A       100%        4
 Sticky Flame             Conj/Fire      0%         2d3       100%        4
 Summon Lightning Spire   Summ/Air       0%         N/A       100%        4
 Alistair's Intoxication  Tmut/Pois      0%         N/A       100%        5
 Blade Hands              Tmut           0%         N/A       100%        5
 Borgnjor's Vile Clutch   Necr/Erth      0%         N/A       100%        5
 Excruciating Wounds      Necr           0%         N/A       100%        5
 Fireball                 Conj/Fire      0%         3d3       100%        5
 Freezing Cloud           Conj/Ice/Air   0%         6-21      100%        5
 Irradiate                Conj/Tmut      0%         3d14      100%        5
 Iskenderun's Battlesphe  Conj           0%         2d6       100%        5
 Lee's Rapid Deconstruct  Erth           0%         3d5*      100%        5
 Lightning Bolt           Conj/Air       0%         1d11      100%        5
 Metabolic Englaciation   Hex/Ice        0%         N/A       100%        5
 Summon Forest            Summ/Tloc      0%         N/A       100%        5
 Yara's Violent Unravell  Hex/Tmut       0%         3d3       100%        5
 Conjure Ball Lightning   Conj/Air       0%         3x3d6     100%        6
 Death Channel            Necr           0%         N/A       100%        6
 Eringya's Noxious Bog    Tmut/Pois      0%         N/A       100%        6
 Iron Shot                Conj/Erth      0%         9d1       100%        6
 Starburst                Conj/Fire      0%         6d3       100%        6
 Statue Form              Tmut/Erth      0%         N/A       100%        6
 Dragon Form              Tmut           0%         N/A       100%        7
 Enfeeble                 Hex            0%         N/A       100%        7
 Malign Gateway           Summ/Tloc      0%         N/A       100%        7
 Orb of Destruction       Conj           0%         9d5       100%        7
 Ozocubu's Refrigeration  Ice            0%         4d5       100%        7
 Spellforged Servitor     Conj/Summ      0%         N/A       100%        7
 Storm Form               Tmut/Air       0%         N/A       100%        7
 Summon Hydra             Summ           0%         N/A       100%        7
 Borgnjor's Revivificati  Necr           0%         N/A       100%        8
 Discord                  Hex            0%         N/A       100%        8
 Maxwell's Capacitive Co  Air            0%         ∞         100%        8
 Necromutation            Tmut/Necr      0%         N/A       100%        8
 Summon Horrible Things   Summ           0%         N/A       100%        8
 Death's Door             Necr           0%         N/A       100%        9
 Dragon's Call            Summ           0%         N/A       100%        9
 Fire Storm               Conj/Fire      0%         5d1       100%        9


Dungeon Overview and Level Annotations

Branches:
Dungeon (15/15)            Temple (0/1) D:7            Lair (6/6) D:8
 Shoals (4/4) Lair:3       Spider (4/4) Lair:4        Slime (5/5) Lair:5
    Orc (2/2) D:11            Elf (3/3) Orc:2        Vaults (5/5) D:13
  Crypt (0/3) Vaults:3     Depths (4/4) D:15            Zot (5/5) Depths:4
 Bailey (visited)           IceCv (visited)

Altars:
Ashenzari
Cheibriados
Elyvilon
Fedhas
Gozag
Hepliaklqana
Makhleb
Okawaru
Qazlal
Sif Muna
Uskayaw
Vehumet
Wu Jian
Zin
The Shining One
Beogh
Jiyva
Lugonu

Shops:
D:5 *:   D:6 **   D:7 *   D:8 *   D:11 *   Orc:1 (   Orc:2 (=[(*   Elf:1 =
Elf:3 *   Vaults:1 *([=   Vaults:3 ?   Depths:1 :   Depths:2 (=:=
Depths:3 [=([

Portals:
Hell: Lair:6 Depths:1 Depths:2* Depths:3 Depths:4*
Abyss: Depths:1 Depths:2 Depths:3
Pandemonium: Depths:2
Ziggurat: Depths:1

Annotations:
D:6 exclusion: 4 doors
Lair:6 corrupted, 2 transporters, Wogokhlo's ghost, journeyman FeBe
Elf:2 5 runed translucent doors
Vaults:5 corrupted
Zot:1 3 runed translucent doors, stpyramids's ghost, legendary DDFi
Zot:2 2 transporters
Abyss:1 Donald; Gastronok; Harold; Joseph; Nikola; Snorg


Innate Abilities, Weirdness & Mutations

You have a pair of horns on your head.
You reflexively headbutt those who attack you in melee.
You have sharp toenails.
Your natural rate of healing is unusually fast.
Your spells are a little harder to cast, but a little more powerful.


Message History

You completely miss the lorocyproca. Your headbutt misses the lorocyproca.
The lorocyproca is heavily wounded.
You block the lorocyproca's attack.
You barely miss the lorocyproca.
The lorocyproca is heavily wounded.
You block the lorocyproca's attack.
You completely miss the lorocyproca.
The lorocyproca is heavily wounded.
You closely miss the lorocyproca.
The lorocyproca is heavily wounded.
You block the lorocyproca's attack.
You chop the lorocyproca into pieces!!!
You kill the lorocyproca!
Lugonu accepts your kill.
(D) Dungeon (T) Temple (L) Lair (A) Shoals (N) Spider Nest (M) Slime Pits (O) Orcish Mines (E) Elven Halls (V) Vaults (C) Crypt (U) Depths (H) Hell (Z) Zot
Where to? (Enter - D:1 @ (x,y), ? - help)
There is a stone staircase leading up here.
You fly upwards.
There is a stone staircase leading down here.
There is a stone staircase leading up here.
You fly upwards.
There is a stone staircase leading down here.
There is a stone staircase leading up here.
You fly upwards.
There is a stone staircase leading down here.
There is a stone staircase leading up here.
You fly upwards.
There is a stone staircase leading down here.
There is an open door here.
There is a staircase leading out of the dungeon here.
Unknown command.
Enter note: woo
Enter note: streak
Enter note: AK is strong
Enter note: didnt get the abyss rune though b/c when i went in, there was a huge welcoming committee
Enter note: and after banishing some orbs of fire i decided nah You have escaped!

#≈≈≈##...#...#
#≈≈≈≈'...'^..#
#≈≈≈##...#...#
#≈≈.#...######
#≈.##...#
#≈.#...##
#>##...#
###...##
#.@.## #####


There were no monsters in sight!

Vanquished Creatures
  the Royal Jelly (Slime:5)
  Dissolution (Slime:2)
  4 dread liches
  An ancient lich (Zot:5)
  2 orbs of fire
  2 Killer Klowns
  A curse toe (Zot:3)
  Saint Roka (Elf:2)
  A caustic shrike (Depths:2)
  The ghost of Firac the Warrior, an adept DgCj (Depths:3)
  7 golden dragons
  3 electric golems
  An iron giant (shapeshifter) (Abyss:1)
  A Tzitzimitl (Depths:4)
  4 tentacled monstrosities
  Mlioglotl (Shoals:3)
  17 Orb Guardians
  4 quicksilver dragons
  3 deep elf blademasters (Elf:3)
  2 walking divine tomes
  2 deep elf master archers (Elf:3)
  10 acid blobs
  3 titans
  5 death cobs
  14 storm dragons
  An Executioner (Depths:3)
  Agnes (Spider:1)
  3 sphinxes
  6 shadow dragons
  10 tengu reavers
  7 azure jellies
  Ilsuiw (Shoals:4)
  11 rockslimes
  3 draconian knights
  4 fire giants
  3 draconian monks
  A balrug (D:11)
  10 ghost moths
  4 frost giants
  10 deep elf sorcerers
  3 emperor scorpions
  11 vault wardens
  An iron dragon (Vaults:5)
  A spectral juggernaut (Depths:3)
  2 spectral caustic shrikes
  A juggernaut zombie (Depths:2)
  2 cacodemons (Depths:1)
  4 draconian scorchers
  6 draconian shifters
  An angel (Vaults:3)
  10 deep elf elementalists
  3 draconian stormcallers
  A reaper (Depths:1)
  19 very ugly things
  9 quicksilver oozes
  A demonspawn blood saint (D:11)
  4 draconian annihilators
  2 broodmothers (Spider:4)
  22 stone giants
  8 ironbound thunderhulks
  8 ironbound preservers
  2 war gargoyles
  5 deep elf demonologists
  8 black draconians
  An eleionoma (Depths:3)
  A vampire knight (Depths:2)
  12 red draconians
  An elemental wellspring (Depths:3)
  3 white draconians
  An entropy weaver (Vaults:4)
  A lorocyproca (D:5)
  4 purple draconians
  12 spark wasps
  9 deep elf annihilators
  9 green draconians
  2 spectral titans (Depths:3)
  6 yellow draconians
  14 dire elephants
  7 deep elf death magi
  17 ettins
  Josephine (Orc:2)
  2 fire dragons (Depths:1)
  An eidolon (Vaults:3)
  3 blizzard demons
  3 merfolk javelineers (Shoals:4)
  19 yaktaur captains
  5 merfolk impalers
  A green death (Depths:1)
  15 deep elf high priests
  8 great orbs of eyes
  A hydra (D:13)
  2 boulder beetles
  A spriggan zombie (Depths:2)
  A rakshasa (D:15)
  2 salamander tyrants (Depths:3)
  A juggernaut simulacrum (Depths:3)
  5 ice dragons
  3 catoblepae
  31 vault guards
  4 spriggan air magi
  4 ogre magi
  2 alligator snapping turtles
  2 jorogumos
  A spectral stone giant (Depths:3)
  7 merfolk aquamancers
  27 centaur warriors
  8 dancing weapons
  A satyr (Shoals:4)
  3 radroaches
  9 ironbound frosthearts
  10 two-headed ogres
  4 merfolk avatars
  4 death yaks
  4 tengu warriors
  7 deep troll earth magi
  5 deep troll shamans
  4 vampire magi
  A soul eater (Depths:1)
  3 sun demons
  A thrashing horror (Abyss:3)
  2 spriggan berserkers
  18 deep elf knights
  2 sixfirhies
  3 iron trolls
  2 pharaoh ants
  8 sea snakes
  A sea snake (shapeshifter) (Vaults:4)
  A spriggan druid (Elf:2)
  3 obsidian statues
  3 glowing orange brains
  A glowing orange brain (shapeshifter) (Vaults:5)
  10 ironbound convokers
  2 flayed ghosts (Depths:2)
  40 deep trolls
  A steelbarb worm (shapeshifter) (Vaults:5)
  10 orb spiders
  8 deep elf archers
  A shadow demon (Depths:2)
  4 spriggan simulacra (IceCv)
  A bog body (IceCv)
  8 steelbarb worms
  10 lindwurms
  5 phantasmal warriors
  13 wizards
  4 orc knights
  33 deep elf zephyrmancers
  20 deep elf pyromancers
  22 harpies
  2 orc sorcerers (Vaults:5)
  22 wolf spiders
  3 necromancers
  4 shining eyes
  6 cyclopes
  29 moths of wrath
  A salamander (Depths:4)
  A faun (shapeshifter) (Vaults:5)
  3 fauns (Shoals:2)
  4 elephants
  A stone giant zombie (Depths:3)
  14 manticores
  50 ugly things
  A salamander (shapeshifter) (D:14)
  4 black mambas
  Maurice (D:9)
  15 vault sentinels
  3 water nymphs
  7 merfolk sirens
  A stone giant skeleton (Vaults:1)
  6 torpor snails
  A titan simulacrum (Depths:3)
  A rust devil (Depths:2)
  22 cane toads
  3 large abominations
  2 orange demons
  A naga skeleton (Abyss:3)
  A torpor snail (shapeshifter) (Depths:4)
  A gargoyle (D:11)
  A hellion (Depths:1)
  6 smoke demons
  5 rime drakes
  17 yaktaurs
  2 efreet
  3 kobold demonologists
  2 dryads (Depths:3)
  7 komodo dragons
  2 spriggan skeletons (Depths:2)
  2 tengu conjurers (Depths:1)
  A hellwing (Depths:1)
  10 ice devils
  An anaconda simulacrum (IceCv)
  6 entropy weaver simulacra (IceCv)
  A freezing wraith (IceCv)
  3 demonic crawlers
  3 golden dragon simulacra (IceCv)
  A tormentor (Depths:1)
  12 meliai
  4 red devils
  22 merfolk
  3 wind drakes
  A hornet (D:10)
  A polar bear (Lair:6)
  11 trolls
  23 tarantellas
  5 raiju (Abyss:3)
  A hornet (shapeshifter) (D:13)
  81 slime creatures
  A stone giant simulacrum (Depths:3)
  2 ettin zombies
  A human simulacrum (Vaults:1)
  11 blink frogs
  9 snapping turtles
  16 dream sheep
  25 jumping spiders
  A spriggan (shapeshifter) (D:14)
  A jumping spider (shapeshifter) (Abyss:3)
  18 culicivoras
  A shadow (D:10)
  An ettin skeleton (Vaults:1)
  20 water elementals
  5 wraiths
  47 yaks
  2 dire elephant simulacra (IceCv)
  7 humans (D:13)
  5 wyverns
  2 fire elementals
  23 redbacks
  5 basilisks
  6 golden eyes
  A chaos spawn (Depths:1)
  Grum (D:10)
  A steam dragon (D:10)
  9 minotaur simulacra (IceCv)
  3 wargs
  3 harpy simulacra (IceCv)
  A hydra simulacrum (IceCv)
  20 water moccasins
  A floating eye (Slime:5)
  4 hell hounds (Lair:6)
  A floating eye (shapeshifter) (Vaults:5)
  30 orc warriors
  4 black bears
  An ice beast (D:7)
  18 wolves
  22 ogres
  3 boggarts
  13 centaurs
  5 kobold brigands
  A scorpion (D:5)
  10 bullfrogs
  An earth elemental (Elf:1)
  3 deep troll simulacra (IceCv)
  A water moccasin skeleton (D:4)
  8 killer bees
  3 lindwurm simulacra (IceCv)
  4 wights (D:9)
  4 howler monkeys
  5 electric eels
  2 lava snakes (Lair:1)
  A bullfrog zombie (D:5)
  2 centaur zombies
  4 hounds
  11 jellies
  14 orc priests
  2 centaur skeletons
  5 iguanas
  21 orc wizards
  6 hell rats (Lair:5)
  A killer bee zombie (D:8)
  2 hound skeletons (D:5)
  2 howler monkey zombies
  2 gnolls (Bailey)
  8 adders
  2 shadow imps (D:6)
  2 white imps
  An ufetubus (D:5)
  An adder skeleton (D:4)
  A worm (D:5)
  3 dart slugs
  60 orcs
  11 endoplasms
  2 giant cockroaches
  13 hobgoblins
  A jackal (D:4)
  26 kobolds
  2 quokkas (D:3)
  5 ball pythons
  4 bats
  5 frilled lizards
  15 goblins
  2 rats (D:3)
1929 creatures vanquished.

Vanquished Creatures (collateral kills)
  A fire giant (Depths:2)
  A vampire knight (Depths:2)
2 creatures vanquished.

Vanquished Creatures (others)
  2 ironbound preservers (Vaults:5)
  A blizzard demon (IceCv)
  A vault guard (D:13)
  2 deep elf knights (Elf:1)
  A deep troll (Vaults:5)
  A wizard (Lair:6)
  A phantasmal warrior (Vaults:5)
  3 deep elf zephyrmancers
  An ugly thing (Abyss:1)
  A black mamba (Lair:6)
  2 torpor snails (Lair:6)
  2 kobold demonologists (D:12)
  3 rime drakes (Lair:6)
  2 yaktaurs (Vaults:5)
  A warg (Elf:2)
  An orc warrior (Vaults:5)
  A wolf (Elf:2)
  A centaur (D:14)
  An orc priest (Vaults:5)
  2 orcs (Vaults:5)
  A kobold (D:12)
  53 fungi
  99 plants
  4 starspawn tentacles (Vaults:5)
  7 toadstools (D:6)
194 creatures vanquished.

Grand Total: 2125 creatures vanquished

Notes
Turn   | Place    | Note
-------+----------+-------------------------------------------
     0 | Abyss:1  | jjjjhere the Minotaur Abyssal Knight began the quest for
                  | the Orb.
     0 | Abyss:1  | Reached XP level 1. HP: 19/19 MP: 1/1
    12 | D:1      | Escaped the Abyss
    72 | D:1      | You fall into a shaft and drop 1 floor!
   102 | D:2      | Reached XP level 2. HP: 25/27 MP: 2/2
   486 | D:1      | Reached ** piety under Lugonu
   590 | D:1      | Reached XP level 3. HP: 33/33 MP: 3/3
  1005 | D:2      | Found a faded altar of an unknown god.
  1555 | D:3      | Reached XP level 4. HP: 40/40 MP: 4/4
  1576 | D:3      | Found a snail-covered altar of Cheibriados.
  2227 | D:4      | Found a broken altar of Ashenzari.
  2248 | D:4      | Reached skill level 5 in Axes
  2393 | D:4      | Reached XP level 5. HP: 44/47 MP: 5/5
  2399 | D:4      | Reached skill level 5 in Fighting
  2479 | D:4      | Reached *** piety under Lugonu
  2532 | D:4      | Found a white marble altar of Elyvilon.
  2645 | D:4      | Noticed an ogre
  3003 | D:4      | Reached XP level 6. HP: 51/56 MP: 6/6
  3565 | D:5      | Entered Level 5 of the Dungeon
  3583 | D:5      | Reached XP level 7. HP: 42/61 MP: 8/8
  3733 | D:5      | Found Odah's Book Shoppe.
  3805 | D:5      | Reached XP level 8. HP: 65/68 MP: 10/10
  4009 | D:5      | Reached skill level 10 in Axes
  4087 | D:5      | Reached skill level 5 in Invocations
  4230 | D:5      | Found a radiant altar of Vehumet.
  4454 | D:6      | Reached **** piety under Lugonu
  4510 | D:6      | Found Fusof's Assorted Antiques.
  4726 | D:6      | Found Tyd Urol's Elemental Accessories.
  5150 | D:6      | Noticed a slime creature
  5150 | D:6      | Noticed a slime creature
  5150 | D:6      | Noticed a slime creature
  5330 | D:6      | Reached XP level 9. HP: 74/74 MP: 12/12
  5343 | D:6      | Identified the ring "Naghi" {rPois MP+9}
  5477 | D:6      | Found a glowing golden altar of the Shining One.
  5482 | D:6      | Found a stormy altar of Qazlal.
  6221 | D:7      | Found an iron altar of Okawaru.
  6352 | D:7      | Found a staircase to the Ecumenical Temple.
  6586 | D:7      | Reached ***** piety under Lugonu
  6930 | D:8      | Found Futeppum's Serpentskin Sales.
  6935 | D:8      | Bought 3 curare-tipped darts for 25 gold pieces
  7080 | D:8      | Found a staircase to the Lair.
  7113 | D:8      | Found a flagged portal.
  7122 | Bailey   | Entered a bailey
  7596 | Bailey   | Noticed an orc knight
  7602 | Bailey   | Banished an orc knight
  7603 | Bailey   | Reached skill level 5 in Armour
  7603 | Bailey   | Reached XP level 10. HP: 81/81 MP: 5/14
  8018 | Bailey   | Reached skill level 1 in Shields
  8349 | D:8      | Found an opulent altar of Gozag.
  8739 | D:9      | Noticed Maurice
  8758 | D:9      | Killed Maurice
  8759 | D:9      | Reached skill level 2 in Shields
  8840 | D:9      | Reached skill level 3 in Shields
  8974 | D:9      | Noticed Harold
  8984 | D:9      | Banished Harold
  8985 | D:9      | Reached skill level 4 in Shields
  9027 | D:9      | Noticed a two-headed ogre
  9031 | D:9      | Banished a two-headed ogre
  9032 | D:9      | Reached skill level 5 in Shields
  9041 | D:9      | Noticed a two-headed ogre
  9045 | D:9      | Banished a two-headed ogre
  9046 | D:9      | Reached skill level 6 in Shields
  9051 | D:9      | Noticed Joseph
  9053 | D:9      | Banished Joseph
  9054 | D:9      | Reached XP level 11. HP: 73/88 MP: 2/16
  9570 | Lair:1   | Entered Level 1 of the Lair of Beasts
  9604 | Lair:1   | Reached skill level 1 in Throwing
  9820 | D:8      | Bought a +2 scale mail of poison resistance for 252 gold
                  | pieces
 10628 | Lair:1   | Noticed a lindwurm
 10632 | Lair:1   | Banished a lindwurm
 11092 | Lair:1   | Noticed a four-headed hydra
 11093 | Lair:1   | Banished a four-headed hydra
 11625 | Lair:2   | Reached skill level 5 in Throwing
 12143 | Lair:2   | Reached XP level 12. HP: 90/100 MP: 18/18
 12261 | Lair:2   | Reached skill level 10 in Invocations
 12607 | Lair:2   | Noticed a catoblepas
 12618 | Lair:2   | Killed a catoblepas
 12619 | Lair:2   | Reached skill level 10 in Armour
 12772 | Lair:3   | Found a staircase to the Shoals.
 12942 | Lair:3   | Noticed Gastronok
 12960 | Lair:3   | Banished Gastronok
 13746 | Lair:4   | Noticed a catoblepas
 13767 | Lair:4   | Killed a catoblepas
 13873 | Lair:4   | Noticed an eight-headed hydra
 13876 | Lair:4   | Banished an eight-headed hydra
 14054 | Lair:4   | Reached skill level 10 in Fighting
 14154 | Lair:4   | Reached XP level 13. HP: 85/113 MP: 20/20
 14463 | Lair:4   | Found a hole to the Spider Nest.
 14841 | Lair:4   | Identified a scroll of acquirement
 14841 | Lair:4   | Acquired a manual of Throwing
 15311 | Lair:5   | Found a staircase to the Slime Pits.
 15455 | Lair:5   | HP: 26/114 [death yak (18)]
 16846 | Lair:5   | Reached skill level 10 in Throwing
 17630 | Lair:6   | Entered Level 6 of the Lair of Beasts
 18138 | Lair:6   | Corrupted Lair:6
 18138 | Lair:6   | Noticed a bone dragon
 18138 | Lair:6   | HP: 37/118 [rime drake/flash freeze (13)]
 18440 | Lair:6   | Noticed a starcursed mass
 18808 | Lair:6   | Found the +4 skin of Zhor {*Englaciate rC+++ SInv}
 18949 | Lair:6   | Reached XP level 14. HP: 124/126 MP: 21/21
 19596 | Lair:6   | HP: 35/127 [rime drake/flash freeze (30)]
 20468 | Lair:6   | Found a burning altar of Makhleb.
 20562 | Lair:6   | Found a gateway to Hell.
 20570 | Lair:6   | Got Asmodeus's Tome of Torrid Confrontation
 20712 | Lair:6   | Found a transporter.
 20761 | Lair:6   | Found a transporter.
 20766 | Lair:6   | Noticed Wogokhlo's ghost (journeyman FeBe)
 20771 | Lair:6   | Noticed Snorg
 20772 | Lair:6   | Banished Snorg
 21105 | D:10     | Entered Level 10 of the Dungeon
 21153 | D:10     | Found a hide-covered altar of Uskayaw.
 21153 | D:10     | Found an ornate altar of the Wu Jian Council.
 21195 | D:10     | Noticed Grum
 21218 | D:10     | Killed Grum
 21437 | D:10     | Acquired the amulet of the Suburbs {Acrobat Fly rElec Str+7
                  | Dex-5}
 21603 | D:10     | Found a hazy altar of Hepliaklqana.
 21708 | D:10     | Identified the amulet "Nupuzied" {Reflect rC+ Dex+4 Slay-5
                  | SH+5}
 21719 | D:10     | HP: 39/129 [soul eater/drain life[an obsidian statue] (11)]
 22083 | D:10     | Identified the +0 chain mail "Marchag" {Int+4}
 22086 | D:10     | Identified the +7 scale mail of the Stars {+Blink rF+}
 22393 | D:10     | Found a shimmering blue altar of Sif Muna.
 22551 | D:10     | Found a blossoming altar of Fedhas.
 22758 | D:11     | Found a staircase to the Orcish Mines.
 23208 | D:11     | Found Hymy Cey's Assorted Antiques.
 23283 | Orc:1    | Entered Level 1 of the Orcish Mines
 23657 | Orc:2    | Entered Level 2 of the Orcish Mines
 23711 | Orc:2    | Found a staircase to the Elven Halls.
 23721 | Orc:2    | Reached skill level 5 in Dodging
 23755 | Orc:1    | Reached skill level 15 in Throwing
 24459 | Orc:2    | Reached XP level 15. HP: 116/137 MP: 23/23
 24590 | Orc:2    | Noticed an orc warlord
 24650 | Orc:1    | Banished an orc warlord
 24902 | Orc:2    | Noticed Josephine
 24911 | Orc:2    | Killed Josephine
 25375 | Orc:2    | Found Natoros's Weapon Boutique.
 25379 | Orc:2    | Found Feghaom's Jewellery Shop.
 25381 | Orc:2    | Found Nubapsoth's General Store.
 25400 | Orc:2    | Found Jigg's Armour Boutique.
 25608 | Orc:2    | Bought +1 gold dragon scales for 957 gold pieces
 25645 | Orc:1    | Found Mefeshati's Weapon Boutique.
 26112 | D:12     | Reached skill level 7 in Shields
 27029 | D:13     | Found a gate to the Vaults.
 27295 | D:13     | Reached skill level 8 in Shields
 27999 | D:14     | Reached skill level 9 in Shields
 28145 | D:14     | Reached skill level 15 in Fighting
 28428 | D:15     | Entered Level 15 of the Dungeon
 28540 | D:15     | Reached ****** piety under Lugonu
 29284 | D:15     | Reached skill level 10 in Shields
 29348 | D:15     | Found a staircase to the Depths.
 30147 | Shoals:1 | Entered Level 1 of the Shoals
 30409 | Shoals:1 | Reached XP level 16. HP: 149/149 MP: 24/24
 30602 | Shoals:1 | Noticed Donald
 30612 | Shoals:1 | Banished Donald
 30741 | Shoals:1 | Reached skill level 11 in Shields
 30755 | Shoals:1 | Found a blossoming altar of Fedhas.
 32161 | Shoals:3 | Reached skill level 12 in Shields
 32307 | Shoals:3 | Reached skill level 1 in Evocations
 33022 | Shoals:3 | Got the Grimoire of the Manifold Gods
 33153 | Shoals:3 | Noticed Mlioglotl
 33295 | Shoals:3 | Reached skill level 13 in Shields
 33407 | Shoals:3 | Killed Mlioglotl
 34006 | Shoals:4 | Entered Level 4 of the Shoals
 34434 | Shoals:4 | Identified the +1 plate armour of Lust {+Inv rC+ Str-4}
 34743 | Shoals:4 | Reached skill level 14 in Shields
 35508 | Shoals:4 | Identified the +6 chain mail of the Louse {rF+ Will+ Int+3
                  | Dex+7}
 35602 | Shoals:4 | Got a barnacled rune of Zot
 35656 | Shoals:4 | Noticed Ilsuiw
 36112 | Shoals:4 | Reached XP level 17. HP: 114/160 MP: 4/25
 36220 | Shoals:4 | Identified the +0 pair of gloves "Hiradwec" {Str+2}
 36337 | Shoals:4 | Killed Ilsuiw
 37160 | Spider:1 | Entered Level 1 of the Spider Nest
 37391 | Spider:1 | Reached skill level 15 in Shields
 37391 | Spider:1 | Reached skill level 5 in Evocations
 37880 | Spider:1 | Identified a +2 broad axe of distortion (a +0 broad axe
                  | corrupted by Lugonu)
 37880 | Spider:1 | Received a gift from Lugonu
 38115 | Spider:2 | Noticed Agnes
 38133 | Spider:1 | Killed Agnes
 39537 | Spider:2 | Reached skill level 15 in Axes
 41571 | Spider:3 | Noticed Nikola
 41574 | Spider:3 | Banished Nikola
 42035 | Spider:4 | Entered Level 4 of the Spider Nest
 42595 | Spider:4 | Got a gossamer rune of Zot
 42755 | Spider:4 | Reached XP level 18. HP: 105/170 MP: 1/26
 43993 | Vaults:1 | Entered Level 1 of the Vaults
 44301 | Vaults:1 | Cast into level 3 of the Abyss (a wizard)
 44405 | Abyss:3  | Found a corrupted altar of Lugonu.
 44467 | Abyss:3  | Noticed a bone dragon
 44469 | Vaults:1 | Escaped the Abyss
 44686 | Vaults:1 | Found Howoal's Assorted Antiques.
 44694 | Vaults:1 | Bought a bound ivory ring for 165 gold pieces
 44694 | Vaults:1 | Identified the ring "Leal" {*Corrode +Blink rElec Dex+6
                  | SInv} (You bought it in a shop on level 1 of the Vaults)
 44963 | Vaults:1 | Reached skill level 16 in Shields
 45705 | Vaults:1 | Reached skill level 15 in Armour
 46025 | Vaults:1 | Found Zapic's Weapon Emporium.
 46025 | Vaults:1 | Found Ullapas's Antique Armour Emporium.
 46225 | Vaults:1 | Found Suosuew's Jewellery Emporium.
 46234 | Vaults:1 | Bought the ring of Doro {Will+ Str+3 Dex+4} for 653 gold
                  | pieces
 47154 | Vaults:2 | Reached XP level 19. HP: 180/180 MP: 27/27
 47477 | Vaults:2 | Reached skill level 17 in Shields
 47592 | Vaults:2 | You are sucked into a shaft and drop 2 floors!
 47728 | Vaults:3 | Found Suchant's Magic Scroll Emporium.
 47733 | Vaults:3 | Bought a scroll of teleportation for 45 gold pieces
 47733 | Vaults:3 | Bought a scroll of enchant armour for 112 gold pieces
 47733 | Vaults:3 | Bought a scroll of magic mapping for 52 gold pieces
 48693 | Vaults:3 | Found a white marble altar of Elyvilon.
 48693 | Vaults:3 | Found a glowing silver altar of Zin.
 48693 | Vaults:3 | Found a glowing golden altar of the Shining One.
 50056 | Vaults:3 | Found a staircase to the Crypt.
 50242 | Vaults:3 | Reached skill level 10 in Evocations
 50263 | Vaults:3 | Reached skill level 18 in Shields
 50323 | Vaults:3 | Identified the +3 mace "Hoduez Wuzi" {freeze, rC+ Dex+2}
 51109 | Vaults:4 | Reached XP level 20. HP: 153/193 MP: 28/28
 51354 | Vaults:4 | Identified the +4 hand axe "Idgheosa" {flame, Drain Dex+5}
 53132 | Depths:1 | Entered Level 1 of the Depths
 53195 | Depths:1 | Reached skill level 10 in Dodging
 53421 | Depths:1 | Found Gic Zoli's Book Boutique.
 53918 | Depths:1 | Found a corrupted altar of Lugonu.
 54008 | Depths:1 | Found a one-way gate to the infinite horrors of the Abyss.
 54050 | Depths:1 | Found a one-way gateway to a ziggurat.
 54600 | Depths:1 | Reached skill level 19 in Shields
 54627 | Depths:1 | Identified the amulet of Qiodgh {Regen+ Dex+6}
 56248 | Depths:2 | Found a one-way gate leading to the halls of Pandemonium.
 56820 | Depths:2 | Reached XP level 21. HP: 198/198 MP: 29/29
 56906 | Depths:2 | Found Kuicvonk's Weapon Boutique.
 56909 | Depths:2 | Found Kufih's Jewellery Shop.
 56917 | Depths:2 | Found Birekhamo's Book Emporium.
 56918 | Depths:2 | Found Annenemp's Jewellery Shop.
 56980 | Depths:2 | Noticed a caustic shrike
 56991 | Depths:2 | Killed a caustic shrike
 57475 | Depths:2 | Noticed a golden dragon
 57483 | Depths:2 | Banished a golden dragon
 57572 | Depths:2 | Found the +8 glaive of the Guard {elec, spectral, AC+5}
 58203 | Depths:3 | You are sucked into a shaft and drop 1 floor!
 58203 | Depths:4 | Entered Level 4 of the Depths
 59343 | Depths:2 | Reached skill level 20 in Shields
 59791 | Depths:3 | Found Jiusear's Armour Shoppe.
 59795 | Depths:3 | Found Soyrchac's Antique Weapon Emporium.
 59796 | Depths:3 | Found Gisemok's Jewellery Shoppe.
 59810 | Depths:3 | Bought the ring of Trepidation {rN+ AC+4} for 1038 gold
                  | pieces
 59820 | Depths:3 | Noticed a golden dragon
 59831 | Depths:3 | Killed a golden dragon
 60372 | Depths:3 | Found the +7 Singing Sword {vorpal, sonic wave}
 60402 | Depths:3 | Found a runed translucent door.
 60406 | Depths:3 | Noticed Firac's ghost (adept DgCj)
 60588 | Depths:3 | Found Juxty's Antique Armour Boutique.
 61587 | Depths:3 | Killed Firac's ghost
 61807 | Depths:3 | Found the +3 robe of Clouds {*Thunder rCloud rElec}
 61815 | Depths:3 | Identified the ring of Waol {rN+ rCorr Str+6 Dex+3 SInv}
 61938 | Depths:4 | Found a radiant altar of Vehumet.
 62073 | Depths:4 | Noticed a golden dragon
 62128 | Depths:4 | Killed a golden dragon
 62915 | Depths:4 | Noticed a golden dragon
 62932 | Depths:4 | Banished a golden dragon
 62966 | Depths:4 | Found a gate to the Realm of Zot.
 63023 | Depths:4 | Reached XP level 22. HP: 215/215 MP: 30/30
 63393 | Elf:1    | Entered Level 1 of the Elven Halls
 63393 | Elf:1    | Found Waar's Jewellery Boutique.
 63904 | Elf:1    | Found a radiant altar of Vehumet.
 63934 | Elf:1    | Reached skill level 21 in Shields
 65344 | Elf:2    | Noticed Saint Roka
 65377 | Elf:2    | Killed Saint Roka
 65774 | Elf:2    | Found a huge runed translucent gate.
 65774 | Elf:2    | Found a huge runed translucent gate.
 65780 | Elf:2    | Found a huge runed translucent gate.
 65780 | Elf:2    | Found a huge runed translucent gate.
 65780 | Elf:2    | Found a huge runed translucent gate.
 65821 | Elf:3    | Entered Level 3 of the Elven Halls
 65890 | Elf:3    | Found Gagheja's CLEARANCE SALE!.
 65933 | Elf:3    | Found a flickering gateway to a bazaar.
 65939 | Bazaar   | Entered a bazaar
 65939 | Bazaar   | Found Kenerhis's Magic Scroll Shoppe.
 65939 | Bazaar   | Found Veuf's Armour Shoppe.
 65940 | Bazaar   | Found Gomu Lav's Assorted Antiques.
 65940 | Bazaar   | Found Weergh's Jewellery Emporium.
 65947 | Bazaar   | Bought a scroll of enchant armour for 97 gold pieces
 65967 | Elf:3    | Found a frozen archway.
 65979 | IceCv    | Entered an ice cave
 66636 | IceCv    | Identified the ring of the Morning {rPois rF+++ rC+ rCorr
                  | Dex-4}
 66644 | IceCv    | Identified the ring of Pyromania {+Blink rPois Int+5 Dex-2
                  | Slay+4}
 66892 | Elf:3    | Bought a scroll of enchant weapon for 30 gold pieces
 67166 | Elf:3    | Identified the +12 war axe "Minotaur's Curse" {vorpal,
                  | Fragile rElec rPois Str-3}
 68482 | Elf:3    | Identified the +4 chain mail of the Evil One {rC+ Regen+
                  | Str+4 Dex-2}
 68486 | Elf:3    | Reached skill level 15 in Dodging
 68719 | Elf:3    | Identified the ring of Broken Luck {Fly rF+++}
 68831 | Elf:3    | Identified the +10 long sword "Neoh" {flame, rC+ Will+
                  | Dex+5}
 68831 | Elf:3    | Identified the ring of Salvation {EV+4 Int+3}
 68874 | Elf:3    | Reached skill level 22 in Shields
 69807 | Vaults:5 | Entered Level 5 of the Vaults
 69815 | Vaults:4 | Reached XP level 23. HP: 225/227 MP: 31/31
 70532 | Vaults:5 | Identified the +8 mace of Indomitability {vamp, rF+++ rC-
                  | Str+2 SInv}
 71123 | Vaults:5 | Noticed a dread lich
 71138 | Vaults:5 | Killed a dread lich
 71394 | Vaults:5 | Noticed an ancient lich
 71650 | Vaults:5 | Reached skill level 23 in Shields
 71655 | Vaults:5 | Corrupted Vaults:5
 71655 | Vaults:5 | Found the +6 lightning scales {swift, rElec}
 71658 | Vaults:5 | Banished an ancient lich
 71883 | Vaults:5 | Noticed a dread lich
 72112 | Vaults:4 | Killed a dread lich
 73009 | Vaults:5 | Found the +1 cloak of Starlight {*Dazzle EV+4 Stlth--}
 73081 | Vaults:5 | Reached skill level 24 in Shields
 73313 | Vaults:5 | Identified the +0 kite shield of the Wumpus {rPois}
 73626 | Vaults:5 | Identified the ring "Mosaec" {rElec rPois rN+ Slay+2}
 74060 | Vaults:5 | Reached XP level 24. HP: 239/239 MP: 31/31
 74171 | Vaults:5 | Got a silver rune of Zot
 74509 | Vaults:5 | Got the Guide on Aerial Cold
 74961 | D:11     | Bought a condenser vane for 1360 gold pieces
 75239 | Slime:1  | Entered Level 1 of the Pits of Slime
 75292 | Slime:2  | Noticed Dissolution
 75302 | Slime:2  | Killed Dissolution
 76158 | Slime:5  | Entered Level 5 of the Pits of Slime
 76171 | Slime:4  | Reached skill level 25 in Shields
 76684 | Slime:5  | Noticed the Royal Jelly
 77045 | Slime:5  | Gained mutation: Armour fits poorly on your strangely
                  | shaped body. [a shining eye]
 77183 | Slime:5  | Found a viscous altar of Jiyva.
 77233 | Slime:5  | Killed the Royal Jelly
 77536 | Slime:5  | Got a slimy rune of Zot
 77537 | Slime:5  | Identified the ring "Galuho" {Fly rC+ Will++ Int-4 Slay+3}
 77560 | Slime:5  | Identified the +5 hand axe of the Revolution {vorpal, rElec
                  | rF+ rCorr Int-3 Dex+5}
 77577 | Slime:5  | Identified the +6 dagger "Fewnenke" {freeze, *Slow rElec
                  | rF+ Dex+2}
 77578 | Slime:5  | Identified the amulet "Cyappui" {rPois Regen+ Int+6}
 78197 | Depths:1 | Voluntarily entered the Abyss.
 78229 | Depths:1 | Escaped the Abyss
 78497 | Zot:1    | Entered Level 1 of the Realm of Zot
 78830 | Zot:1    | Noticed stpyramids's ghost (legendary DDFi)
 78835 | Zot:1    | Found a runed translucent gate.
 78835 | Zot:1    | Found a runed translucent gate.
 78836 | Zot:1    | Found a runed translucent gate.
 80055 | Zot:2    | Reached skill level 26 in Shields
 80790 | Zot:2    | Found a transporter.
 80966 | Zot:2    | Found a transporter.
 81016 | Zot:3    | Noticed an orb of fire
 81016 | Zot:3    | Found the +13 scythe of Curses {drain, Drain}
 82089 | Zot:3    | Reached XP level 25. HP: 244/250 MP: 31/31
 82201 | Zot:3    | Gained mutation: You are clumsy. (Dex -2) [an orb of fire]
 82217 | Zot:3    | Gained mutation: You are frail. (-10% HP) [an orb of fire]
 82218 | Zot:3    | Killed an orb of fire
 82317 | Zot:3    | Lost mutation: You are frail. (-10% HP) [potion of
                  | mutation]
 82317 | Zot:3    | Lost mutation: Armour fits poorly on your strangely shaped
                  | body. [potion of mutation]
 82317 | Zot:3    | Lost mutation: You are clumsy. (Dex -2) [potion of
                  | mutation]
 82317 | Zot:3    | Gained mutation: Your spells are a little harder to cast,
                  | but a little more powerful. [potion of mutation]
 82317 | Zot:3    | Gained mutation: You are frail. (-10% HP) [potion of
                  | mutation]
 82317 | Zot:3    | Lost mutation: You are frail. (-10% HP) [potion of
                  | mutation]
 82317 | Zot:3    | Gained mutation: Your natural rate of healing is unusually
                  | fast. [potion of mutation]
 82403 | Zot:3    | Noticed an orb of fire
 82413 | Zot:3    | Banished an orb of fire
 82676 | Zot:4    | Noticed a Killer Klown
 83023 | Zot:4    | Reached skill level 27 in Shields
 83658 | Zot:4    | Killed a Killer Klown
 84220 | Zot:5    | Entered Level 5 of the Realm of Zot
 85460 | Zot:5    | Noticed an ancient lich
 85475 | Zot:5    | Killed an ancient lich
 85677 | Zot:5    | Noticed a dread lich
 85688 | Zot:5    | Noticed a dread lich
 85695 | Zot:5    | Paralysed by a dread lich for 6 turns
 85710 | Zot:5    | Killed a dread lich
 85970 | Zot:5    | Noticed a Killer Klown
 85975 | Zot:5    | Killed a Killer Klown
 85993 | Zot:5    | Noticed an orb of fire
 86006 | Zot:5    | Gained mutation: You have sharp toenails. [an orb of fire]
 86016 | Zot:5    | Killed an orb of fire
 86238 | Zot:5    | Killed a dread lich
 86828 | Zot:5    | Got the Orb of Zot
 86871 | Zot:5    | Noticed an orb of fire
 86872 | Zot:5    | Noticed an orb of fire
 87052 | Depths:4 | Noticed Otant the pandemonium lord
 87065 | Depths:4 | Banished Otant the pandemonium lord
 87297 | D:11     | Reached XP level 26. HP: 243/264 MP: 32/32
 87504 | D:1      | woo
 87504 | D:1      | streak
 87504 | D:1      | AK is strong
 87504 | D:1      | didnt get the abyss rune though b/c when i went in, there
                  | was a huge welcoming committee
 87504 | D:1      | and after banishing some orbs of fire i decided nah
 87505 | D:$      | Escaped with the Orb!

Illustrated notes

#≈≈≈##...#...#
#≈≈≈≈'...'^..#
#≈≈≈##...#...#
#≈≈.#...######
#≈.##...#
#≈.#...##
#>##...#
###...##
#.@.## #####


Turn 87504 on D:1: woo

Levels and vault maps discovered:
D:1:      evilmike_arrival_crescent, layout_rooms, minmay_quantized
D:2:      layout_rooms, ebering_ecumenical_altar_box
D:3:      minmay_skewed_foursquare, layout_rooms, old_standard_altar,
          serial_bayou_lake_a
D:4:      layout_basic, lemuel_crystal_altar, evilmike_ruin_ashenzari,
          kennysheep_decorative_pillar, kennysheep_diamond
D:5:      layout_rooms, kennysheep_mini_moat, serial_shops, shop
D:6:      cheibrodos_fertilizer, layout_basic, mainiacjoe_overflow_big_doors,
          serial_shops, shop, hangedman_decor_peaks_small,
          serial_bayou_lagoon_a, nicolae_elemental_shop
D:7:      layout_gridville, kennysheep_okawaru_gauntlet,
          minmay_temple_entry_fiery
D:8:      layout_loops_ring, lemuel_crystal_altar, david_lair_generic,
          enter_bailey_3, guppyfry_shop_venom
D:9:      layout_loops_ring, serial_aquarium, aquarium_bridge_square
          [aquarium_subvault_wall, aquarium_subvault_bridge,
          aquarium_subvault_bridge, aquarium_subvault_bridge],
          aquarium_bridge_square [aquarium_subvault_window,
          aquarium_subvault_bridge, aquarium_subvault_wall,
          aquarium_subvault_bridge], aquarium_window_fake, aquarium_window_2,
          aquarium_window_fake, aquarium_window_corridor_1, aquarium_view_2f,
          aquarium_balcony_double_3, aquarium_pool_side, uniq_harold,
          uniq_maurice, uniq_joseph
D:10:     layout_stronghold, fedhas_altar_fruit_tree,
          lemuel_coloured_pillars_altar, kennysheep_little_box,
          mainiacjoe_overflow_divided_tiny, minmay_protected_statue, uniq_grum
D:11:     layout_small_grid, orc_0_dummy, serial_shops,
          nicolae_shop_behind_doors
D:12:     layout_basic
D:13:     layout_cave_pods, ximxim_vaults_locker_room, evilmike_butchery
D:14:     layout_layer_cave
D:15:     gammafunk_enter_depths_forms, layout_basic, serial_curves,
          eino_curves_02, eino_curves_04, serial_bayou_pond_a
Lair:1:   layout_gridlike, nicolae_lair_lindhole
Lair:2:   layout_gridlike, infiniplex_staircase_pool_2
Lair:3:   layout_chaotic_city, elwin_shoals_entry_rooms, lemuel_fruit_tree,
          uniq_gastronok
Lair:4:   layout_regular_city, hellmonk_spider_entry_life_and_decay,
          grunt_megastairs_2, infiniplex_staircase_pool
Lair:5:   nzn_winding_woodlands_medium [nzn_winding_woodlands_5x5_closed_star,
          nzn_winding_woodlands_5x15_cabin, nzn_winding_woodlands_5x5_cross,
          nzn_winding_woodlands_5x5_checkerboard,
          nzn_winding_woodlands_center_pierced_h,
          nzn_winding_woodlands_hourglass, nzn_winding_woodlands_5x5_three,
          nzn_winding_woodlands_5x15_default,
          nzn_winding_woodlands_5x5_open_star], layout_small_grid,
          dpeg_slime_entry_corner
Lair:6:   evil_forest, layout_long_grid, gammafunk_ghost_berserking_beasts,
          hellmonk_guarded_unrand_zhor, uniq_snorg
Shoals:1: layout_shoals, lemuel_centaur_altar, uniq_donald
Shoals:2: layout_shoals, nicolae_shoals_arrival_archipelago
Shoals:3: layout_shoals, uniq_mlioglotl
Shoals:4: shoals_end_grunt_ice, layout_shoals, shoals_ilsuiw_ice
Spider:1: layout_spider_delve
Spider:2: layout_chambers, nicolae_spider_jagged_tunnels, uniq_agnes
Spider:3: layout_spider_delve, guppyfry_spider_mini_2,
          nicolae_spider_cling_halls, uniq_nikola
Spider:4: guppyfry_spider_rune
Slime:1:  layout_caves
Slime:2:  layout_caves, dissolution_awaits
Slime:3:  layout_caves, nicolae_slime_welcoming_committee
Slime:4:  layout_caves, cheibrodos_slime_lost_civilization_6
Slime:5
Orc:1:    layout_caves, basic_altar, serial_shops, shop
Orc:2:    st_orc_open, layout_diamond_mine, gauntlet_entry_generic,
          uniq_josephine
Elf:1:    layout_geoelf_octagon, basic_altar, serial_shops,
          nicolae_shop_window_shopping, minmay_elf_annihilation,
          lemuel_flamethrower_3
Elf:2:    elven_hall_of_blades_hangedman_alternative
          [nicolae_blade_entry_area_security], layout_onion_city,
          grunt_ministairs_11, kilobyte_rumbling_trees, uniq_saint_roka
Elf:3:    nooodl_elf_gasket, layout_onion_city, serial_shops, bzr_entry_water,
          portal_ice_cave_entry_dragon, nicolae_shop_clearance
Vaults:1: mu_enter_wizlab_6, vaults_dpeg_diagonal, nicolae_vaults_shelves_hall,
          vaults_mumra_minichess_inversion, hangedman_vaults_stagger,
          hangedman_vaults_stream, grunt_vaults_twisty, v_misc_27,
          vaults_dpeg_ring, v_misc_1, hangedman_vaults_hard_town_square,
          ontoclasm_vaults_twist, nicolae_vaults_shelves_hall,
          layout_vaults_omnicross, serial_shops, nicolae_shop_overgrown_old_shop
Vaults:2: vaults_room_door_hall, nicolae_vaults_quadrants,
          nicolae_vaults_yaktaur_gun_rack, nicolae_vaults_stairing_the_circle,
          vaults_standard_mumra_lines, hangedman_vaults_impose, v_pattern_5,
          layout_vaults_chaotic_city
Vaults:3: portal_desolation_entry_holy_temple, vaults_room_corners,
          minmay_crypt_entry_simple_round, hangedman_vaults_cutoff,
          vaults_dpeg_hooks, ontoclasm_vaults_hangar, v_misc_10, st_squares,
          nicolae_vaults_little_squares_2, ontoclasm_vaults_chip, v_misc_29,
          layout_vaults_omnigrid, serial_shops, nicolae_shop_trees
Vaults:4: nicolae_vaults_network_s, ontoclasm_vaults_pinch, v_rooms_4,
          hangedman_vaults_snaps, hangedman_vaults_nodes,
          nicolae_vaults_shelves_hall, vaults_room_grid,
          grunt_vaults_hallway_short, v_misc_11, v_pattern_2,
          layout_vaults_maze_snakey
Vaults:5
Depths:1: layout_gridlike, enter_ziggurat_f, serial_shops, shop,
          grunt_hell_entry_demonic_statue,
          nicolae_concentric_dashed_squares_mild, abyss_entry_flame_altar,
          minmay_variable_closet, grunt_ministairs_5,
          wad_floor_pattern_untrapped, minmay_pinched_square
Depths:2: minmay_guarded_unrand_guard, layout_basic, abyss_entry_crystal,
          rand_demon_pan_entry_3, pf_hell_entry_tar_river, serial_shops,
          kennysheep_mini, grunt_megastairs_1, infiniplex_staircase_star,
          serial_bayou_shore_b, minmay_shop_grove
Depths:3: nicolae_terramorphic_expanse [nicolae_terramorphic_quarter,
          nicolae_terramorphic_quarter, nicolae_terramorphic_quarter,
          nicolae_terramorphic_quarter, nicolae_terramorphic_quarter,
          nicolae_terramorphic_biome, nicolae_terramorphic_biome,
          nicolae_terramorphic_biome, nicolae_terramorphic_biome],
          layout_gridlike, serial_shops, nicolae_shop_stone, hell_entry,
          muffindrake_ghost_dead_mans_drink, marbit_kobold_abyss_entry,
          minmay_shop_star, serial_bayou_shore_b, minmay_staircase_bubble
Depths:4: grunt_zot_entry_alcove, layout_basic, hangedman_coc_ice_floe,
          nicolae_vehumet_altar_sigil, grunt_ministairs_8, st_stairs_1
Zot:1:    layout_twisted_circle, gammafunk_ghost_split
Zot:2:    gammafunk_dig_for_victory, layout_gridlike
Zot:3:    layout_misc_corridors
Zot:4:    layout_misc_corridors, grunt_megastairs_5
Zot:5:    layout_gridlike, hangedman_zot_decor_checkerboard

Skill      XL: |  1  2  3  4  5  6  7  8  9 10 11 12 13 14 15 16 17 18 19 20 21 22 23 24 25 |
---------------+----------------------------------------------------------------------------+-----
Axes           | 3 4 5 6 8 9 11 13 14 18 | 18.0
Fighting       | 4 5 7 10 12 13 15 16 17 18 19 20 22 23 24 25 26 | 26.6
Invocations    | 2 3 4 6 7 8 9 10 11 12 13 | 13.6
Armour         | 5 7 9 11 13 15 17 18 19 21 22 23 25 | 25.0
Shields        | 6 10 14 15 16 18 19 20 22 24 26 27 | 27.0
Throwing       | 6 8 11 15 16 | 16.0
Dodging        | 5 8 9 11 13 15 16 18 19 | 19.8
Evocations     | 4 6 8 10 | 10.6

Action                   |  1- 3 |  4- 6 |  7- 9 | 10-12 | 13-15 | 16-18 | 19-21 | 22-24 | 25-27 || total
-------------------------+-------+-------+-------+-------+-------+-------+-------+-------+-------++-------
Melee: Hand axe          |    86 |    94 |   197 |   450 |  1045 |   697 |       |       |       ||  2569
       Headbutt          |    12 |    19 |    39 |    86 |   239 |   258 |   405 |   413 |   150 ||  1621
       Punch             |     1 |     2 |     1 |       |       |       |       |       |       ||     4
       Broad axe         |       |       |       |       |       |   439 |  1343 |  1447 |   486 ||  3715
Throw: Dart              |       |       |    22 |     5 |     3 |       |    37 |    26 |       ||    93
       Boomerang         |       |       |    11 |       |   164 |   604 |    42 |    51 |    45 ||   917
       Javelin           |       |       |       |     2 |       |       |    37 |    47 |     6 ||    92
       Throwing net      |       |       |       |       |       |     2 |       |       |     1 ||     3
Invok: Banish            |       |       |     3 |    10 |    17 |     8 |       |       |       ||    38
       Corrupt           |       |       |       |       |     1 |       |       |     1 |       ||     2
       Brand Weapon With |       |       |       |       |       |     1 |       |       |       ||     1
       Depart the Abyss  |       |       |       |       |       |     1 |       |     1 |       ||     2
Evoke: Wand              |       |     4 |     6 |       |     1 |       |       |       |       ||    11
       Box of beasts     |       |       |       |       |       |     1 |       |       |     2 ||     3
       Phantom mirror    |       |       |       |       |       |       |     1 |       |       ||     1
       Condenser vane    |       |       |       |       |       |       |       |     1 |       ||     1
  Use: Scroll            |       |       |     6 |    12 |    17 |    13 |     9 |     9 |     6 ||    72
       Potion            |       |       |       |       |     1 |     1 |       |     2 |     7 ||    11
 Stab: Petrified         |       |       |       |     6 |       |       |       |       |       ||     6
       Petrifying        |       |       |       |     1 |       |       |       |       |       ||     1
       Invisible         |       |       |       |       |       |       |       |     8 |     9 ||    17
Armor: Scale mail        |    30 |    41 |    47 |    62 |   215 |       |       |       |       ||   395
       Leather armour    |     1 |       |       |       |       |       |       |       |       ||     1
       Gold dragon scale |       |       |       |       |   138 |   492 |   383 |   502 |   124 ||  1639
Dodge: Dodged            |    38 |    44 |   108 |   132 |   511 |   489 |   446 |   672 |   233 ||  2673
Block: Buckler           |       |       |       |    53 |   132 |       |       |       |       ||   185
       Kite shield       |       |       |       |       |   123 |   682 |   728 |  1019 |   366 ||  2918
